 Dungeon Crawl Stone Soup version 0.27-a0-681-g0c81a3c1c3 (webtiles) character file.

Game seed: 7212786643493475474

1229 robertstho the Cudgeller (level 8, -7/50 HPs)
             Began as a Gargoyle Fighter on Mar 19, 2021.
             Killed by divine providence
             ... invoked by an orc priest
              (11 damage)
             ... on level 6 of the Dungeon.
             The game lasted 00:08:35 (6092 turns).

robertstho the Cudgeller (Gargoyle Fighter)         Turns: 6092, Time: 00:08:35

Health: -7/50      AC: 26    Str: 16    XL:     8   Next: 48%
Magic:  8/8        EV:  9    Int: 14    God:
Gold:   54         SH: 11    Dex: 10    Spells: 7/7 levels left

rFire    + . .     SeeInvis .   k - +7 flail of Tiphueno {drain, rElec rN+ Str-5 Int+7}
rCold    . . .     Faith    .   m - +2 kite shield
rNeg     + + .     Spirit   .   c - +9 ring mail "Haah" {rPois rF+}
rPois    ∞         Reflect  .   d - +2 helmet
rElec    +         Harm     .   (no cloak)
rCorr    .         Rampage  .   g - +0 pair of gloves
Will     .....                  l - +0 pair of boots
Stlth    ..........             (no amulet)
HPRegen  0.16/turn              (no ring)
MPRegen  0.11/turn              (no ring)

@: no status effects
A: AC +5, negative energy resistance 1, electricity resistance, torment
resistance 1, unbreathing 1, petrification resistance, deterioration 1, dopey 1,
MP-powered wands
a: no special abilities


You were on level 6 of the Dungeon.
You visited 1 branch of the dungeon, and saw 6 of its levels.

You collected 300 gold pieces.
You spent 246 gold pieces at shops.

Inventory:

Hand Weapons
 a - a +0 flail
 k - the +7 flail of Tiphueno (weapon) {drain, rElec rN+ Str-5 Int+7}
   (You bought it in a shop on level 3 of the Dungeon)

   A truly terrible weapon, it drains the life of those it strikes.
   It affects your strength (-5).
   It affects your intelligence (+7).
   It insulates you from electricity.
   It protects you from negative energy.
Armour
 c - the +9 ring mail "Haah" (worn) {rPois rF+}
   (You found it on level 5 of the Dungeon)

   It protects you from fire.
   It protects you from poison.
 d - a +2 helmet (worn)
 g - a +0 pair of gloves (worn)
 l - a +0 pair of boots (worn)
 m - a +2 kite shield (worn)
Scrolls
 e - a scroll of brand weapon {unknown}
 h - a scroll of vulnerability {unknown}
 i - a scroll of fear {unknown}
 j - a scroll of fog


   Skills:
 * Level 5.4 Fighting
 * Level 6.7 Maces & Flails
 * Level 6.0 Armour
 + Level 1.8 Dodging
 + Level 5.0 Shields


You had 7 spell levels left.
You didn't know any spells.
Your spell library contained the following spells:

 Spells                   Type           Power      Damage    Failure   Level
 Animate Skeleton         Necr           0%         N/A       88%         1
 Beastly Appendage        Tmut           0%         N/A       88%         1
 Magic Dart               Conj           0%         1d3       88%         1
 Pain                     Necr           0%         1d4       88%         1
 Searing Ray              Conj           0%         3d3       95%         2
 Wereblood                Tmut           0%         N/A       95%         2
 Dazzling Flash           Conj/Hex       0%         N/A       99%         3
 Spider Form              Tmut/Pois      0%         N/A       99%         3
 Vampiric Draining        Necr           0%         2d6       99%         3
 Animate Dead             Necr           0%         N/A       100%        4
 Fulminant Prism          Conj/Hex       0%         3d6       100%        4
 Ice Form                 Ice/Tmut       0%         N/A       100%        4
 Iskenderun's Mystic Bla  Conj/Tloc      0%         2d3       100%        4
 Agony                    Necr           0%         N/A       100%        5
 Blade Hands              Tmut           0%         N/A       100%        5


Dungeon Overview and Level Annotations

Branches:
Dungeon (6/15)             Temple (0/1) D:6

Altars:
Gozag
Okawaru
Xom
Zin

Shops:
D:3 (

Annotations:
D:3 246 flail


Innate Abilities, Weirdness & Mutations

Your stone body is resilient. (AC +5)
You are immune to poison.
You resist negative energy. (rN+)
You are resistant to electric shocks. (rElec)
You are resistant to unholy torment.
You can survive without breathing.
You are immune to petrification.
Your body sometimes deteriorates upon taking damage.
You are dopey. (Int -2)
You expend magic power (3 MP) to strengthen your wands.


Message History

The orc wizard points at you and mumbles some strange words.
You resist with some effort. The adder bites you but does no damage.
You are too injured to fight recklessly!
You are too injured to fight recklessly!
You are too injured to fight recklessly!
Unknown command.
You feel better. The adder barely misses you.
An orc priest comes into view. It is wielding a +0 club.
The orc wizard gestures at itself while chanting.
The orc wizard flickers and vanishes!
Deactivating autopickup; reactivate with Ctrl-A.
You closely miss the adder.
The orc priest shouts!
The adder bites you but does no damage. You block the adder's attack.
The orc priest miscasts a cantrip.
You sock the adder!
You kill the adder!
You block the orc wizard's attack.
Your Shields skill increases to level 5!
You barely miss the orc.
The orc priest invokes the aid of Beogh against you.
Beogh smites you! The orc wizard misses you. You block the orc's attack.
You sock the orc priest!
You kill the orc priest!
The orc wizard gestures at itself while chanting.
The orc wizard flickers and vanishes!
The orc wizard hits you but does no damage.
The orc priest looks satisfied for a moment.
You block the orc's attack.
You feel your strength returning.
Your Armour skill increases to level 6!
You sock the orc!
You kill the orc!
You block the orc wizard's attack.
The orc priest invokes the aid of Beogh against you.
Beogh smites you!
* * * LOW HITPOINT WARNING * * *
The orc priest mumbles some strange prayers to Beogh against you.
Beogh smites you!
You die...

.. . .# ## ##
.#... .. ..
.....
#.##.##.#.# #
..o ..#[# ..
#o##)#.#
##.#{o@)#.#
#....o{##...#
..>.##......#
#......#..### .
##.#.#..# #
...#....# .#
.##....#.###.##
..[.##.#......#
.#...........#


You could see an orc priest, an orc wizard and an orc.

Vanquished Creatures
  2 orc warriors (D:6)
  5 ogres
  2 centaurs (D:5)
  A howler monkey (D:4)
  An orc priest (D:6)
  A hound (D:4)
  An orc wizard (D:5)
  5 worker ants
  A howler monkey zombie (D:2)
  9 adders
  An ufetubus (D:5)
  2 oozes
  An adder skeleton (D:4)
  A worm (D:4)
  2 dart slugs
  3 leopard geckos
  10 orcs
  A ball python (D:6)
  3 giant cockroaches
  10 goblins
  11 hobgoblins
  7 jackals
  9 kobolds
  7 quokkas
  4 bats (D:3)
  5 frilled lizards
  A giant cockroach zombie (D:5)
  A quokka skeleton (D:4)
  12 rats
119 creatures vanquished.

Notes
Turn   | Place    | Note
-------+----------+-------------------------------------------
     0 | D:1      | robertstho the Gargoyle Fighter began the quest for the
                  | Orb.
     0 | D:1      | Reached XP level 1. HP: 14/14 MP: 1/1
   205 | D:1      | Reached XP level 2. HP: 19/19 MP: 2/2
  1032 | D:1      | Reached XP level 3. HP: 20/23 MP: 3/3
  1670 | D:2      | Reached XP level 4. HP: 27/29 MP: 4/4
  2606 | D:3      | Reached XP level 5. HP: 33/33 MP: 5/5
  2694 | D:3      | Found Voseusas's Antique Weapon Shoppe.
  2900 | D:4      | Noticed an angel
  2901 | D:4      | Found a glowing silver altar of Zin.
  2902 | D:4      | Found a shimmering altar of Xom.
  3042 | D:4      | Reached XP level 6. HP: 26/38 MP: 6/6
  4040 | D:4      | Gained mutation: You are dopey. (Int -2) [potion of
                  | mutation]
  4040 | D:4      | Gained mutation: Your body sometimes deteriorates upon
                  | taking damage. [potion of mutation]
  4040 | D:4      | Gained mutation: You expend magic power (3 MP) to
                  | strengthen your wands. [potion of mutation]
  4045 | D:4      | Reached skill level 5 in Maces & Flails
  4045 | D:4      | Reached skill level 1 in Dodging
  4045 | D:4      | Reached XP level 7. HP: 44/44 MP: 7/7
  4306 | D:5      | Entered Level 5 of the Dungeon
  4318 | D:5      | Reached skill level 5 in Armour
  4758 | D:5      | Reached skill level 5 in Fighting
  4758 | D:5      | Reached XP level 8. HP: 31/49 MP: 8/8
  4979 | D:5      | Found an iron altar of Okawaru.
  5123 | D:5      | Found an opulent altar of Gozag.
  5272 | D:3      | Bought a smoking flail for 246 gold pieces
  5272 | D:3      | Identified the +7 flail of Tiphueno {drain, rElec rN+ Str-5
                  | Int+7} (You bought it in a shop on level 3 of the Dungeon)
  5809 | D:5      | Identified the +9 ring mail "Haah" {rPois rF+}
  6074 | D:6      | Found a staircase to the Ecumenical Temple.
  6090 | D:6      | Reached skill level 5 in Shields
  6092 | D:6      | Killed from afar by an orc priest

Illustrated notes

Levels and vault maps discovered:
D:1:      dpeg_arrival_simpleton_c, layout_basic, minmay_distorted
D:2:      layout_basic, patterned_corridor
D:3:      layout_rooms, serial_glass, glass_columns_b, glass_columns_a,
          glass_columns_a, glass_columns_b, glass_columns_b, glass_columns_c,
          due_unseen_surprise, serial_shops, shop
D:4:      layout_loops_corners, grunt_temple_overflow_order_and_chaos_1,
          st_stairs_11, minmay_misc_feat_tiny, minmay_fractal_squares_5
D:5:      layout_cave_pools, kennysheep_mini_moat, nicolae_gozag_seed_capital
D:6:      layout_basic, chequers_temple_overflow_statue_of_worship,
          minmay_temple_entry_ruins, serial_shops, shop,
          nemelex_lonely_heart_becter, uniq_crazy_yiuf_cottage

Skill      XL: |  1  2  3  4  5  6  7  8 |
---------------+-------------------------+-----
Armour         | 4 5 6 |  6.0
Maces & Flails | 3 4 5 6 |  6.7
Fighting       | 4 5 |  5.4
Shields        | 4 5 |  5.0
Dodging        | 1 |  1.8

Action                   |  1- 3 |  4- 6 |  7- 9 || total
-------------------------+-------+-------+-------++-------
Melee: Flail             |   148 |   222 |   135 ||   505
  Use: Scroll            |     1 |     6 |     1 ||     8
       Potion            |       |     3 |     5 ||     8
Armor: Scale mail        |   104 |   148 |   116 ||   368
       Ring mail         |       |       |     8 ||     8
Dodge: Dodged            |    47 |    80 |    61 ||   188
Block: Kite shield       |   100 |   127 |   108 ||   335

Table legend: (Time is in decaauts)
 A = Elapsed time spent in this place.
 B = Non-inter-level travel time spent in this place.
 C = Inter-level travel time spent in this place.
 D = Time resting spent in this place.
 E = Time spent auto-exploring this place.
 F = Levels seen in this place.
 G = Mean time per level.
                   A        B        C        D        E       F      G
               +--------+--------+--------+--------+--------+-----+--------+
         Total |   6298 |   5885 |    413 |    544 |   4135 |   6 | 1049.7 |
       Dungeon |   6298 |   5885 |    413 |    544 |   4135 |   6 | 1049.7 |
               +--------+--------+--------+--------+--------+-----+--------+

Top non-repeatable levels by time:
     D:4: 2139 daAuts
     D:1: 1266 daAuts
     D:2: 1185 daAuts
     D:5: 996 daAuts
     D:3: 645 daAuts
     D:6: 65 daAuts
